 Dungeon Crawl Stone Soup version 0.29-a0-234-g0dae59b3db (webtiles) character file.

Game seed: 14069655353532260858

30 Hubjo the Sneak (level 3, 0/26 HPs)
             Began as a Vampire Enchanter on Mar 3, 2022.
             Was a Follower of Okawaru.
             Killed from afar by Sigmund (8 damage)
             ... with a puff of flame
             ... on level 2 of the Dungeon.
             The game lasted 00:02:11 (960 turns).

Hubjo the Sneak (Vampire Enchanter)                  Turns: 960, Time: 00:02:12

Health: 0/26       AC:  2    Str:  7    XL:     3   Next: 3%
Magic:  4/6        EV: 16    Int: 17    God:    Okawaru [*.....]
Gold:   49         SH:  0    Dex: 16    Spells: 3/6 levels left

rFire   . . .      SeeInvis +   a - +1 dagger
rCold   . . .      Faith    .   (no shield)
rNeg    . . .      Spirit   .   b - +0 robe
rPois   .          Reflect  .   (no helmet)
rElec   .          Harm     .   (no cloak)
rCorr   .          Rampage  .   (no gloves)
Will    .....                   (no boots)
Stlth   ++........              (no amulet)
HPRegen 0.28/turn               (no ring)
MPRegen 0.10/turn               (no ring)

@: confused, heroic, healing quickly
A: alive, fangs 3, see invisible, vampiric 2
a: Exsanguinate, Renounce Religion, Heroism


You were on level 2 of the Dungeon.
You worshipped Okawaru.
Okawaru was aware of your devotion.
You visited 1 branch of the dungeon, and saw 2 of its levels.

You collected 49 gold pieces.

Inventory:

Hand Weapons
 a - a +1 dagger (weapon)
Armour
 b - a +0 robe (worn)
Scrolls
 d - a scroll of silence {unknown}
 e - a scroll of fog {unknown}
 f - a scroll of identify {unknown}
 h - a scroll of enchant armour {unknown}
 i - a scroll of holy word {unknown}
Potions
 c - a potion of invisibility
 g - a potion of berserk rage {unknown}


   Skills:
 * Level 1.2(6.2) Fighting
 + Level 1.4(6.4) Short Blades
 + Level 2.5(7.5) Dodging
 * Level 5.0(10.0) Stealth
 - Level 2.0 Spellcasting
 + Level 4.6 Hexes


You had 3 spell levels left.
You knew the following spells:

 Your Spells              Type           Power      Damage    Failure   Level
a - Dazzling Flash        Conj/Hex       18%        N/A       22%         3

Your spell library contained the following spells:

 Spells                   Type           Power      Damage    Failure   Level
 Confusing Touch          Hex            17%        N/A       9%          3
 Ensorcelled Hibernation  Hex/Ice        18%        N/A       11%         2
 Silence                  Hex/Air        4%         N/A       90%         5
 Agony                    Necr           1%         N/A       99%         5
 Tukima's Dance           Hex            Unusable   N/A       N/A         3

Dungeon Overview and Level Annotations

Branches:
Dungeon (2/15)

Altars:
Okawaru

Annotations:
D:2 Sigmund


Innate Abilities, Weirdness & Mutations

Your natural rate of healing is accelerated.
You have razor-sharp teeth.
You have supernaturally acute eyesight. (SInv)
You are afflicted with vampirism and can become a bat while bloodless.


Message History

i - a scroll labelled MATEZY APOI
Found a club.
Found a stone staircase leading down.
There is a stone staircase leading down here.
Sigmund the Dreaded comes into view.
He is wielding a +0 scythe.
Sigmund is nearby!
Sigmund is nearby!
The helpless Sigmund fails to defend himself.
You impale Sigmund!!
Sigmund is severely wounded.
Sigmund mumbles some strange words.
Sigmund flickers and vanishes for a moment.
You hit Sigmund but do no damage.
Sigmund is severely wounded.
Sigmund hits you with a +0 scythe!
You barely miss Sigmund.
Sigmund is severely wounded.
You gain the combat prowess of a mighty hero.
Sigmund hits you with a +0 scythe!
* * * LOW HITPOINT WARNING * * *
You hit Sigmund but do no damage.
Sigmund is severely wounded.
You hit Sigmund but do no damage.
Sigmund is severely wounded.
Sigmund gestures at you while chanting. You resist with some effort.
You hit Sigmund.
Sigmund is severely wounded.
Sigmund closely misses you.
You hit Sigmund. Your punch misses Sigmund.
Sigmund is severely wounded.
You hit Sigmund.
Sigmund is almost dead.
Sigmund gestures at you while chanting.
You are confused.
You hit Sigmund.
Sigmund is almost dead.
Sigmund points at you and mumbles some strange words.
The puff of flame hits you!
You die...

..####.#.####.....#
.#####.#.# ....#####
.......#.# #.......#
######...# #.......#
#.### ####.......##
#.# #............
###.### #>##.......#
#.....# #.##.......#
.
#)....###.##@@.....#
.#
#.........##########
.# #.....##### .#
#.....# . ####### .#


You could see Sigmund (invisible).

Vanquished Creatures
  3 dart slugs
  A bat (D:1)
  5 endoplasms (D:1)
  2 giant cockroaches (D:1)
  2 goblins
  3 hobgoblins
  2 kobolds
  3 rats (D:1)
21 creatures vanquished.

Notes
Turn   | Place    | Note
-------+----------+-------------------------------------------
     0 | D:1      | Hubjo the Vampire Enchanter began the quest for the Orb.
     0 | D:1      | Reached XP level 1. HP: 13/13 MP: 3/3
   275 | D:1      | Reached XP level 2. HP: 13/20 MP: 5/5
   589 | D:1      | Reached skill level 1 in Fighting
   598 | D:1      | Found a faded altar of an unknown god.
   602 | D:1      | Reached skill level 5 in Stealth
   609 | D:1      | Prayed at the altar of an unknown god.
   609 | D:1      | Became a worshipper of Warmaster Okawaru
   609 | D:1      | Reached * piety under Okawaru
   868 | D:2      | Gained mutation: You are afflicted with vampirism and can
                  | become a bat while bloodless. [Vampire growth]
   868 | D:2      | Reached XP level 3. HP: 26/26 MP: 6/6
   872 | D:2      | Learned a level 3 spell: Dazzling Flash
   947 | D:2      | Noticed Sigmund
   960 | D:2      | Killed from afar by Sigmund

Illustrated notes

Levels and vault maps discovered:
D:1:      lemuel_arrival_hallway, layout_loops_ring,
          shapermc_ecumenical_altar_pompeii, corexii_hall_statues_x
D:2:      layout_loops_cross, basic_altar, uniq_sigmund

Skill      XL: |  1  2 |
---------------+-------+-----
Fighting       | 1 |  1.2
Stealth        | 5 |  5.0
Short Blades   | |  1.4
Dodging        | |  2.5
Spellcasting   | |  2.0
Hexes          | |  4.6

Action                   || total
-------------------------++-------
Melee: Dagger            ||    80
       Bite              ||     9
       Punch             ||     2
Invok: Heroism           ||     2
 Stab: Sleeping          ||     6
       Distracted        ||     1
Armor: Robe              ||    13
Dodge: Dodged            ||    36

Table legend: (Time is in decaauts)
 A = Elapsed time spent in this place.
 B = Non-inter-level travel time spent in this place.
 C = Inter-level travel time spent in this place.
 D = Time resting spent in this place.
 E = Time spent auto-exploring this place.
 F = Levels seen in this place.
 G = Mean time per level.
                   A        B        C        D        E       F      G
               +--------+--------+--------+--------+--------+-----+--------+
         Total |    952 |    873 |     79 |      0 |    670 |   2 |  476.0 |
       Dungeon |    952 |    873 |     79 |      0 |    670 |   2 |  476.0 |
               +--------+--------+--------+--------+--------+-----+--------+

Top non-repeatable levels by time:
     D:1: 790 daAuts
     D:2: 162 daAuts
